 Dungeon Crawl Stone Soup version 0.27-a0-223-ge082b6e869 (webtiles) character file.

Game seed: 11799474692912390516

57 KristoblXynda the Slasher (level 3, -2/30 HPs)
             Began as a Draconian Gladiator on Feb 1, 2021.
             Killed by divine providence
             ... invoked by an orc priest
              (15 damage)
             ... on level 2 of the Dungeon.
             The game lasted 00:01:16 (1305 turns).

KristoblXynda the Slasher (Draconian Gladiator)     Turns: 1305, Time: 00:01:17

Health: -2/30      AC:  6    Str: 16    XL:     3   Next: 73%
Magic:  3/3        EV: 13    Int:  9    God:
Gold:   85         SH:  0    Dex: 12    Spells: 2/2 levels left

rFire    . . .     SeeInvis .   a - +0 long sword
rCold    . . .     Faith    .   (no shield)
rNeg     . . .     Spirit   .   (armour unavailable)
rPois    .         Reflect  .   b - +0 hat
rElec    .         Harm     .   (no cloak)
rCorr    .         Rampage  .   g - +0 pair of gloves
Will     .....                  (no boots)
Stlth    +.........             (no amulet)
HPRegen  0.10/turn              (no ring)
MPRegen  0.08/turn              (no ring)

@: no status effects
A: unfitting armour, cold-blooded, AC +5
a: no special abilities


You were on level 2 of the Dungeon.
You visited 1 branch of the dungeon, and saw 2 of its levels.

You collected 85 gold pieces.

Inventory:

Hand Weapons
 a - a +0 long sword (weapon)
Missiles
 c - 3 throwing nets (quivered)
Armour
 b - a +0 hat (worn)
 g - a +0 pair of gloves (worn)
Scrolls
 d - a scroll of magic mapping
 f - a scroll of random uselessness {unknown}
 h - a scroll of identify {unknown}
 j - a scroll of enchant armour {unknown}
 k - a scroll of blinking {unknown}
Potions
 e - 2 potions of might {unknown}
 i - 2 potions of curing {unknown}


   Skills:
 + Level 2.9 Fighting
 * Level 3.8 Long Blades
 - Level 2.0 Throwing
 + Level 3.1 Dodging


You had 2 spell levels left.
You didn't know any spells.
Your spell library was empty.

Dungeon Overview and Level Annotations

Branches:
Dungeon (2/15)

Altars:
Uskayaw
Wu Jian


Innate Abilities, Weirdness & Mutations

Your plain brown scales are hard. (AC +5)
You cannot fit into any form of body armour.
You are cold-blooded and may be slowed by cold attacks.


Message History

Unknown command.
You hit the orc priest but do no damage.
Your tail-slap misses the orc priest.
The orc priest is heavily wounded.
The orc priest hits you but does no damage.
You hit the orc priest but do no damage.
The orc priest is heavily wounded.
The orc priest hits you.
Unknown command.
You hit the orc priest but do no damage.
You tail-slap the orc priest, but do no damage.
The orc priest is heavily wounded.
The orc priest hits you.
You hit the orc priest.
Your tail-slap misses the orc priest.
The orc priest is almost dead.
The orc priest misses you.
The orc priest invokes the aid of Beogh against you.
Beogh smites you!
Ouch! That really hurt!
You die...

******,,,**,***
*,,,,,,,,**,,,*
*,,,,,*,,,***,,
*,,,,,**,,,,**,
*,,,,,*,,,,,,,,
*,,,,.,,**,,*,*
*,,...*****,*,,
######o....*
*,,,*
#..@oBr....*
***,*
#.#######.#*
*,* #.# *,* *,*
#.##########
*,,
#.##≈≈≈≈≈≈≈#
**,
#.##.≈≈≈≈≈.#
*,,
#.##.≈≈≈≈≈.#
*,*
#.##(.≈.≈..#
*,*
#.##.......#
*,*


You could see an orc priest, an orc, a giant cockroach and a rat.

Vanquished Creatures
  An adder (D:2)
  An ooze (D:1)
  4 dart slugs (D:1)
  An orc (D:2)
  2 ball pythons
  3 giant cockroaches
  3 goblins (D:1)
  A hobgoblin (D:1)
  8 jackals (D:1)
  3 bats (D:1)
  A frilled lizard (D:1)
  4 kobolds
  A rat (D:1)
33 creatures vanquished.

Notes
Turn   | Place    | Note
-------+----------+-------------------------------------------
     0 | D:1      | KristoblXynda the Draconian Gladiator began the quest for
                  | the Orb.
     0 | D:1      | Reached XP level 1. HP: 17/17 MP: 1/1
   139 | D:1      | Reached XP level 2. HP: 25/25 MP: 2/2
   746 | D:1      | Reached XP level 3. HP: 19/30 MP: 3/3
  1174 | D:2      | Noticed a +0 dagger
  1174 | D:2      | Noticed a +0 dagger
  1235 | D:2      | Found a hide-covered altar of Uskayaw.
  1271 | D:2      | Found an ornate altar of the Wu Jian Council.
  1305 | D:2      | Killed from afar by an orc priest

Illustrated notes

Levels and vault maps discovered:
D:1:      lightli_arrival_chessboard, layout_basic
D:2:      layout_rooms, nzn_wu_jian_contemplation, dancing_weapons_uskayaw

Skill      XL: |  1  2 |
---------------+-------+-----
Throwing       | 2 |  2.0
Dodging        | 3 |  3.1
Fighting       | |  2.9
Long Blades    | |  3.8

Action                   || total
-------------------------++-------
Melee: Long sword        ||    88
       Tailslap          ||    10
  Use: Scroll            ||     1
 Stab: Sleeping          ||     2
Armor: Skin              ||    41
Dodge: Dodged            ||    88
       Rpst.: Long sword ||    23

Table legend: (Time is in decaauts)
 A = Elapsed time spent in this place.
 B = Non-inter-level travel time spent in this place.
 C = Inter-level travel time spent in this place.
 D = Time resting spent in this place.
 E = Time spent auto-exploring this place.
 F = Levels seen in this place.
 G = Mean time per level.
                   A        B        C        D        E       F      G
               +--------+--------+--------+--------+--------+-----+--------+
         Total |   1324 |   1317 |      7 |    179 |    923 |   2 |  662.0 |
       Dungeon |   1324 |   1317 |      7 |    179 |    923 |   2 |  662.0 |
               +--------+--------+--------+--------+--------+-----+--------+

Top non-repeatable levels by time:
     D:1: 1180 daAuts
     D:2: 143 daAuts
